[Event "2nd Serbian League-Vojvodina 2023"]
[Site "Novi Sad"]
[Date "2023.11.06"]
[Round "6.2"]
[White "Varga, Zoltan"]
[Black "Lalic, Bogdan"]
[Result "1/2-1/2"]
[ECO "D77"]
[WhiteElo "2356"]
[BlackElo "2345"]
[Annotator "RC"]
[PlyCount "20"]
[EventDate "2023.10.22"]
[EventType "team-tourn"]
[EventCountry "SRB"]
[SourceTitle "playchess.com"]
[Source "ChessBase"]
[SourceQuality "1"]
[TimeControl "40/5400+30:1800+30"]

1. Nf3 d5 2. d4 Nf6 3. g3 g6 4. Bg2 Bg7 5. O-O O-O 6. c4 dxc4 7. Na3 c3 8. bxc3 c5 9. Qb3 Nc6 10. Rd1 cxd4 1/2-1/2

[Event "2nd Serbian League-Vojvodina 2023"]
[Site "Novi Sad"]
[Date "2023.11.06"]
[Round "6.3"]
[White "Grujic, Zoran"]
[Black "Strbac, Mladen"]
[Result "1/2-1/2"]
[ECO "A17"]
[WhiteElo "2315"]
[BlackElo "2246"]
[Annotator "RC"]
[PlyCount "20"]
[EventDate "2023.10.22"]
[EventType "team-tourn"]
[EventCountry "SRB"]
[SourceTitle "playchess.com"]
[Source "ChessBase"]
[SourceQuality "1"]
[TimeControl "40/5400+30:1800+30"]

1. Nf3 Nf6 2. c4 e6 3. Nc3 Bb4 4. Qc2 O-O 5. a3 Bxc3 6. Qxc3 b6 7. e3 Bb7 8. Be2 d6 9. b4 Nbd7 10. Bb2 Qe7 1/2-1/2

[Event "2nd Serbian League-Vojvodina 2023"]
[Site "Novi Sad"]
[Date "2023.11.06"]
[Round "6.4"]
[White "Milanovic, Marko"]
[Black "Dragojlovic, Andjelko"]
[Result "1/2-1/2"]
[ECO "B40"]
[WhiteElo "2248"]
[BlackElo "2108"]
[Annotator "RC"]
[PlyCount "22"]
[EventDate "2023.10.22"]
[EventType "team-tourn"]
[EventCountry "SRB"]
[SourceTitle "playchess.com"]
[Source "ChessBase"]
[SourceQuality "1"]
[TimeControl "40/5400+30:1800+30"]

1. e4 c5 2. Nf3 e6 3. g3 Nc6 4. Bg2 g6 5. d4 cxd4 6. Nxd4 Qb6 7. Nb3 Bg7 8. O-O Nge7 9. Nc3 O-O 10. Be3 Qd8 11. Rb1 f5 1/2-1/2

[Event "2nd Serbian League-Vojvodina 2023"]
[Site "Novi Sad"]
[Date "2023.11.06"]
[Round "6.5"]
[White "Stikovic, Dobrica"]
[Black "Levnajic, Pavle"]
[Result "1-0"]
[ECO "A55"]
[WhiteElo "2162"]
[BlackElo "2160"]
[Annotator "RC"]
[PlyCount "127"]
[EventDate "2023.10.22"]
[EventType "team-tourn"]
[EventCountry "SRB"]
[SourceTitle "playchess.com"]
[Source "ChessBase"]
[SourceQuality "1"]
[TimeControl "40/5400+30:1800+30"]

1. Nf3 Nf6 2. c4 d6 3. Nc3 e5 4. d4 Nbd7 5. g3 c6 6. e4 Be7 7. Bg2 O-O 8. O-O Re8 9. h3 Bf8 10. Qc2 a6 11. Be3 b5 12. dxe5 dxe5 13. Rfd1 Bb7 14. a3 Qc7 15. Nd2 Bc5 16. Nf1 Rad8 17. b4 Bxe3 18. Nxe3 Nf8 19. c5 Bc8 20. Rxd8 Rxd8 21. Rd1 Rd4 22. Ne2 Rd8 23. Rxd8 Qxd8 24. Qd1 Qxd1+ 25. Nxd1 Be6 26. Ne3 g6 27. f4 N8d7 28. Kf2 Kf8 29. Nc3 Bb3 30. Bf3 h5 31. h4 Ke7 32. Ke2 Ne8 33. Kd3 Nc7 34. Ne2 a5 35. Kc3 a4 36. f5 Kf6 37. Nc1 gxf5 38. Nxf5 Be6 39. Ne3 Kg6 40. Nd3 Bh3 41. Nf2 Be6 42. Nd3 f6 43. Nf5 Nb8 44. Nd6 Nd7 45. Nf2 Nf8 46. Nd1 Bd7 47. Ne3 Ne8 48. Nef5 Ne6 49. Ne7+ Kh6 50. Ndf5+ Kh7 51. Bxh5 N8g7 52. Bg6+ Kh8 53. Nd6 Nd8 54. Nf7+ Nxf7 55. Bxf7 Ne8 56. Bxe8 Bxe8 57. g4 Kg7 58. Nf5+ Kg6 59. Kd3 Bd7 60. Ke3 Be8 61. Kf3 Bd7 62. Kg3 Be8 63. h5+ Kg5 64. Nd6 1-0

[Event "2nd Serbian League-Vojvodina 2023"]
[Site "Novi Sad"]
[Date "2023.11.06"]
[Round "6.6"]
[White "Joksimovic, Dragoljub"]
[Black "Veljkovic, Vojislav"]
[Result "0-1"]
[ECO "E07"]
[WhiteElo "2123"]
[BlackElo "2163"]
[Annotator "RC"]
[PlyCount "77"]
[EventDate "2023.10.22"]
[EventType "team-tourn"]
[EventCountry "SRB"]
[SourceTitle "playchess.com"]
[Source "ChessBase"]
[SourceQuality "1"]
[TimeControl "40/5400+30:1800+30"]

1. Nf3 e6 2. g3 d5 3. d4 Be7 4. Bg2 Nf6 5. O-O Nbd7 6. c4 O-O 7. Nc3 Re8 8. Qc2 c6 9. Rd1 dxc4 10. a4 Qa5 11. e4 e5 12. d5 Bb4 13. Na2 cxd5 14. Nxb4 Qxb4 15. exd5 Nc5 16. Bg5 Nfe4 17. Rac1 Nd3 18. Rxd3 cxd3 19. Qxd3 Nd6 20. Qc3 Qxc3 21. bxc3 Bd7 22. c4 Bxa4 23. c5 Ne4 24. Be3 Bb3 25. d6 Bd5 26. Ng5 Nf6 27. Bf1 h6 28. Nh3 a5 29. Ra1 Rec8 30. f4 Ng4 31. Bd2 Rxc5 32. d7 b6 33. fxe5 Nxe5 34. Be3 Nxd7 35. Bxc5 Nxc5 36. Nf4 Bb3 37. Bg2 Rd8 38. Ne2 Rd1+ 39. Bf1 0-1

[Event "2nd Serbian League-Vojvodina 2023"]
[Site "Novi Sad"]
[Date "2023.11.06"]
[Round "6.7"]
[White "Farkas, Sandor I"]
[Black "Nevednichy, Vladislav"]
[Result "0-1"]
[ECO "B60"]
[WhiteElo "2112"]
[BlackElo "2447"]
[Annotator "RC"]
[PlyCount "58"]
[EventDate "2023.10.22"]
[EventType "team-tourn"]
[EventCountry "SRB"]
[SourceTitle "playchess.com"]
[Source "ChessBase"]
[SourceQuality "1"]
[TimeControl "40/5400+30:1800+30"]

1. e4 c5 2. Nf3 Nc6 3. d4 cxd4 4. Nxd4 Nf6 5. Nc3 d6 6. Bg5 Bd7 7. Bxf6 gxf6 8. Nxc6 bxc6 9. Bc4 h5 10. Bb3 Qa5 11. f4 f5 12. Qd4 Rg8 13. Qc4 e6 14. O-O-O Rxg2 15. Rhe1 Rg4 16. Nd5 cxd5 17. exd5 Rc8 18. Qd3 Rxf4 19. dxe6 fxe6 20. Bxe6 Bxe6 21. Rxe6+ Kf7 22. Qe2 Qxa2 23. Rexd6 Rxc2+ 24. Qxc2 Rc4 25. Rd7+ Ke6 26. Qxc4+ Qxc4+ 27. Kb1 Qe4+ 28. R7d3 f4 29. Ka2 f3 0-1

[Event "2nd Serbian League-Vojvodina 2023"]
[Site "Novi Sad"]
[Date "2023.11.06"]
[Round "6.8"]
[White "Stoleriu, George"]
[Black "Szalai, Kornel"]
[Result "1/2-1/2"]
[ECO "B06"]
[WhiteElo "2400"]
[BlackElo "2383"]
[Annotator "RC"]
[PlyCount "85"]
[EventDate "2023.10.22"]
[EventType "team-tourn"]
[EventCountry "SRB"]
[SourceTitle "playchess.com"]
[Source "ChessBase"]
[SourceQuality "1"]
[TimeControl "40/5400+30:1800+30"]

1. e4 g6 2. d4 Bg7 3. Nc3 c5 4. dxc5 Qa5 5. Bd2 Qxc5 6. Nd5 b6 7. Bf4 Na6 8. c3 e6 9. Bxa6 exd5 10. Bxc8 Rxc8 11. exd5 Ne7 12. d6 Nd5 13. Ne2 O-O 14. O-O Rce8 15. Bc1 Re4 16. Ng3 Re6 17. Qd3 Rfe8 18. Bd2 f5 19. Rfe1 Rxe1+ 20. Rxe1 Rxe1+ 21. Bxe1 Be5 22. Qa6 Nf4 23. Bd2 Qxd6 24. Bxf4 Bxf4 25. Nf1 Bc1 26. b3 Qc7 27. Qd3 Qc6 28. c4 Bf4 29. g3 Bh6 30. h3 Qe6 31. Kg2 Kf7 32. Nd2 Bxd2 33. Qxd2 Qc6+ 34. f3 b5 35. cxb5 Qxb5 36. h4 Qc6 37. Qb2 a6 38. b4 d5 39. Qh8 h5 40. Qh7+ Kf6 41. Qh8+ Kf7 42. Qh7+ Kf6 43. Qh8+ 1/2-1/2

[Event "2nd Serbian League-Vojvodina 2023"]
[Site "Novi Sad"]
[Date "2023.11.06"]
[Round "6.9"]
[White "Nadj Hedjesi, Balind"]
[Black "Sekulic, Dusan"]
[Result "1-0"]
[ECO "A43"]
[WhiteElo "2227"]
[BlackElo "2145"]
[Annotator "RC"]
[PlyCount "72"]
[EventDate "2023.10.22"]
[EventType "team-tourn"]
[EventCountry "SRB"]
[SourceTitle "playchess.com"]
[Source "ChessBase"]
[SourceQuality "1"]
[TimeControl "40/5400+30:1800+30"]

1. Nf3 Nf6 2. d4 c5 3. d5 b5 4. e4 Nxe4 5. Bd3 Nd6 6. Bf4 c4 7. Be2 Bb7 8. Nd4 Qb6 9. O-O Na6 10. a4 Nc7 11. Bxd6 exd6 12. Nxb5 Nxb5 13. axb5 Qxb5 14. Nc3 Qb6 15. Bxc4 Be7 16. Re1 Kf8 17. Ne4 g6 18. Qd2 f5 19. Qh6+ Kf7 20. Ng3 Qd4 21. Bb3 Bf8 22. Qg5 h6 23. Nxf5 Qxf2+ 24. Kxf2 hxg5 25. Ne3 Rxh2 26. Kg3 Rh4 27. Ng4 Bg7 28. Re4 Kg8 29. Re7 a5 30. c3 Rf8 31. Rxa5 Rf4 32. Bd1 Rf1 33. Bf3 Rb1 34. Rb5 Ba6 35. Rb8+ Kh7 36. Nf6+ Kh6 1-0

[Event "2nd Serbian League-Vojvodina 2023"]
[Site "Novi Sad"]
[Date "2023.11.06"]
[Round "6.10"]
[White "Kovacevic, Sinisa"]
[Black "Juhasz, Bence R"]
[Result "0-1"]
[ECO "E62"]
[WhiteElo "2240"]
[BlackElo "2210"]
[Annotator "RC"]
[PlyCount "102"]
[EventDate "2023.10.22"]
[EventType "team-tourn"]
[EventCountry "SRB"]
[SourceTitle "playchess.com"]
[Source "ChessBase"]
[SourceQuality "1"]
[TimeControl "40/5400+30:1800+30"]

1. d4 Nf6 2. c4 g6 3. Nc3 Bg7 4. Nf3 O-O 5. g3 d6 6. Bg2 Nc6 7. O-O e5 8. d5 Nb8 9. e4 a5 10. h3 Na6 11. Be3 Nh5 12. Re1 Qe8 13. Qd2 Bd7 14. g4 Nf6 15. Nh2 Qd8 16. f4 exf4 17. Bxf4 h5 18. g5 Nh7 19. Nf3 f6 20. h4 Nc5 21. Rf1 Qe7 22. gxf6 Rxf6 23. e5 dxe5 24. Rae1 Rxf4 25. Qxf4 Nd3 26. Qg3 Nxe1 27. Rxe1 Nf8 28. Nxe5 Qd6 29. Kh2 Re8 30. Nd3 Rxe1 31. Qxd6 cxd6 32. Nxe1 Bf5 33. Bh3 Bxc3 34. bxc3 Bxh3 35. Kxh3 Nd7 36. Nd3 Kf7 37. Kg3 Kf6 38. Kf4 b6 39. Nf2 Nc5 40. Nd1 Na4 41. a3 Nc5 42. Nf2 Kf7 43. Kg3 Kg7 44. Kf3 Kf6 45. Kf4 a4 46. Nd1 Nd3+ 47. Ke4 Ne5 48. Nb2 g5 49. hxg5+ Kxg5 50. Nxa4 h4 51. c5 h3 0-1

[Event "2nd Serbian League-Vojvodina 2023"]
[Site "Novi Sad"]
[Date "2023.11.06"]
[Round "6.11"]
[White "Kecskemeti, Arpad"]
[Black "Zolotic, Zoran"]
[Result "1-0"]
[ECO "B01"]
[WhiteElo "2185"]
[BlackElo "2193"]
[Annotator "RC"]
[PlyCount "63"]
[EventDate "2023.10.22"]
[EventType "team-tourn"]
[EventCountry "SRB"]
[SourceTitle "playchess.com"]
[Source "ChessBase"]
[SourceQuality "1"]
[TimeControl "40/5400+30:1800+30"]

1. e4 d5 2. exd5 Qxd5 3. Nf3 Nf6 4. Be2 g6 5. d4 c6 6. Bf4 Bg7 7. Nc3 Qa5 8. O-O O-O 9. Qc1 Nbd7 10. a3 Nd5 11. Nxd5 Qxd5 12. Bh6 Nf6 13. Bxg7 Kxg7 14. c4 Qd6 15. h3 b6 16. Rd1 c5 17. dxc5 Qxc5 18. b4 Qc7 19. Qe3 Bb7 20. Nd4 Rfe8 21. Rac1 Rac8 22. Bf3 a6 23. b5 e5 24. Bxb7 Qxb7 25. Nf5+ gxf5 26. Qg5+ Kf8 27. Qxf6 Re6 28. Qxf5 h6 29. bxa6 Qa7 30. Rc3 Rc7 31. Rf3 Ke8 32. Qh7 1-0

[Event "2nd Serbian League-Vojvodina 2023"]
[Site "Novi Sad"]
[Date "2023.11.06"]
[Round "6.12"]
[White "Krejic, Igor"]
[Black "Gabric, Goran"]
[Result "0-1"]
[ECO "C45"]
[WhiteElo "2128"]
[BlackElo "2182"]
[Annotator "RC"]
[PlyCount "64"]
[EventDate "2023.10.22"]
[EventType "team-tourn"]
[EventCountry "SRB"]
[SourceTitle "playchess.com"]
[Source "ChessBase"]
[SourceQuality "1"]
[TimeControl "40/5400+30:1800+30"]

1. e4 e5 2. Nf3 Nc6 3. d4 exd4 4. Nxd4 Bb4+ 5. c3 Be7 6. Bd3 Nxd4 7. cxd4 d5 8. e5 c6 9. O-O Qb6 10. Bc2 h5 11. f4 Nh6 12. f5 Ng4 13. Nc3 a5 14. Re1 Bc5 15. Ne2 Bb4 16. Bd2 Kf8 17. Bxb4+ axb4 18. Nc1 c5 19. Nb3 c4 20. Nc5 Ra5 21. Na4 Rxa4 22. Bxa4 Bxf5 23. h3 Bd3 24. hxg4 Qxd4+ 25. Kh2 hxg4+ 26. Kg3 Rh6 27. Qd2 Qc5 28. Bc2 Bxc2 29. Qxc2 Qe7 30. Qf5 Qh4+ 31. Kf4 Qf2+ 32. Kxg4 Rh4+ 0-1

[Event "2nd Serbian League-Vojvodina 2023"]
[Site "Novi Sad"]
[Date "2023.11.06"]
[Round "6.13"]
[White "Jakovljev, Zoran"]
[Black "Mezentsev, Ivan"]
[Result "0-1"]
[ECO "B52"]
[WhiteElo "2194"]
[BlackElo "2360"]
[Annotator "RC"]
[PlyCount "102"]
[EventDate "2023.10.22"]
[EventType "team-tourn"]
[EventCountry "SRB"]
[SourceTitle "playchess.com"]
[Source "ChessBase"]
[SourceQuality "1"]
[TimeControl "40/5400+30:1800+30"]

1. e4 c5 2. Nf3 d6 3. Bb5+ Bd7 4. Bxd7+ Nxd7 5. O-O Ngf6 6. Re1 e6 7. d4 cxd4 8. Nxd4 a6 9. c4 Be7 10. Nc3 O-O 11. b3 Rc8 12. Bb2 Qa5 13. Rc1 Rfe8 14. Qd2 Bf8 15. Rcd1 Qc5 16. h3 Ne5 17. Re3 Ng6 18. Rg3 Be7 19. Rg5 Qb6 20. Qe2 Nd7 21. Rg3 Bh4 22. Na4 Qa5 23. Rc3 Bf6 24. Rcc1 Bg5 25. Rb1 Nf4 26. Qf1 Be7 27. g3 Ng6 28. Qe2 Bf8 29. h4 Nge5 30. h5 h6 31. Kg2 Nc6 32. Nxc6 Rxc6 33. Bc3 Qc7 34. Nb2 b5 35. Rbc1 bxc4 36. Nxc4 Rc8 37. Bb2 Nc5 38. f3 Nd7 39. g4 Qd8 40. Kh3 Be7 41. Bc3 Bg5 42. Rb1 Bf4 43. Be1 Nf8 44. Rb2 d5 45. exd5 exd5 46. Qd3 Ne6 47. Qxd5 Qf6 48. Bh4 Bg5 49. Bxg5 Nxg5+ 50. Kg3 Rxc4 51. bxc4 Qxb2 0-1

[Event "2nd Serbian League-Vojvodina 2023"]
[Site "Novi Sad"]
[Date "2023.11.06"]
[Round "6.14"]
[White "Mushini Ajay"]
[Black "Popovic, Zoran"]
[Result "1-0"]
[ECO "B12"]
[WhiteElo "2301"]
[BlackElo "2210"]
[Annotator "RC"]
[PlyCount "51"]
[EventDate "2023.10.22"]
[EventType "team-tourn"]
[EventCountry "SRB"]
[SourceTitle "playchess.com"]
[Source "ChessBase"]
[SourceQuality "1"]
[TimeControl "40/5400+30:1800+30"]

1. e4 c6 2. d4 d5 3. e5 Bf5 4. Nf3 e6 5. Be2 c5 6. O-O Nc6 7. Be3 cxd4 8. Nxd4 Nge7 9. g4 Bg6 10. f4 Nxd4 11. Qxd4 a6 12. f5 exf5 13. Nc3 fxg4 14. Rad1 Nc6 15. Qf4 d4 16. Bc4 Qd7 17. Nd5 Qd8 18. e6 Bd6 19. exf7+ Kf8 20. Qxg4 dxe3 21. Nf4 Qb6 22. Ne6+ Ke7 23. Qg5+ Kd7 24. Rxd6+ Kxd6 25. Rd1+ Nd4 26. Rxd4+ 1-0

[Event "2nd Serbian League-Vojvodina 2023"]
[Site "Novi Sad"]
[Date "2023.11.06"]
[Round "6.15"]
[White "Telecki, Ivan"]
[Black "Jotic, Vladimir"]
[Result "1-0"]
[ECO "B10"]
[WhiteElo "2260"]
[BlackElo "2280"]
[Annotator "RC"]
[PlyCount "53"]
[EventDate "2023.10.22"]
[EventType "team-tourn"]
[EventCountry "SRB"]
[SourceTitle "playchess.com"]
[Source "ChessBase"]
[SourceQuality "1"]
[TimeControl "40/5400+30:1800+30"]

1. e4 c6 2. d3 g6 3. g3 Bg7 4. Bg2 d5 5. exd5 cxd5 6. Nc3 Nf6 7. Nge2 Nc6 8. O-O h5 9. Bg5 Nh7 10. Bd2 d4 11. Ne4 h4 12. Nf4 e5 13. Nh3 Nf8 14. g4 Ne6 15. b4 Ne7 16. f4 f5 17. gxf5 gxf5 18. Neg5 Nxg5 19. Nxg5 Ng6 20. Qe2 Kf8 21. fxe5 Bxe5 22. Bxb7 Bxb7 23. Ne6+ Kg8 24. Nxd8 Rxd8 25. Rxf5 Re8 26. Qg4 Re7 27. Rxe5 1-0

[Event "2nd Serbian League-Vojvodina 2023"]
[Site "Novi Sad"]
[Date "2023.11.06"]
[Round "6.16"]
[White "Mikheev, Stanislav"]
[Black "Varga, Robert"]
[Result "1-0"]
[ECO "E01"]
[WhiteElo "2288"]
[BlackElo "2043"]
[Annotator "RC"]
[PlyCount "81"]
[EventDate "2023.10.22"]
[EventType "team-tourn"]
[EventCountry "SRB"]
[SourceTitle "playchess.com"]
[Source "ChessBase"]
[SourceQuality "1"]
[TimeControl "40/5400+30:1800+30"]

1. d4 Nf6 2. c4 e6 3. Nf3 d5 4. g3 c6 5. Bg2 Bd6 6. O-O O-O 7. Qc2 Nbd7 8. Nbd2 e5 9. cxd5 cxd5 10. dxe5 Nxe5 11. Nxe5 Bxe5 12. Nf3 Bd6 13. Rd1 h6 14. b3 Be6 15. Nd4 Rc8 16. Qd3 Qd7 17. Bb2 Bc5 18. Rac1 a6 19. e3 Bg4 20. Re1 Bb4 21. Rf1 Rfe8 22. Ne2 Bf5 23. Qd4 Rxc1 24. Rxc1 Bd6 25. Qb6 Be4 26. Bxf6 gxf6 27. Bxe4 Rxe4 28. Rd1 Qc6 29. Qxc6 bxc6 30. Nd4 c5 31. Nf5 Bf8 32. Rxd5 Re5 33. Rxe5 fxe5 34. Kg2 Kh7 35. Kf3 Kg6 36. e4 Kf6 37. Ke3 Ke6 38. Kd3 Kd7 39. Kc4 Kc6 40. g4 f6 41. f3 1-0

[Event "2nd Serbian League-Vojvodina 2023"]
[Site "Novi Sad"]
[Date "2023.11.06"]
[Round "6.17"]
[White "Petronijevic, Ognjen"]
[Black "Bulajic, Ratko"]
[Result "0-1"]
[ECO "B28"]
[WhiteElo "1836"]
[BlackElo "2075"]
[Annotator "RC"]
[PlyCount "62"]
[EventDate "2023.10.22"]
[EventType "team-tourn"]
[EventCountry "SRB"]
[SourceTitle "playchess.com"]
[Source "ChessBase"]
[SourceQuality "1"]
[TimeControl "40/5400+30:1800+30"]

1. e4 c5 2. Nf3 a6 3. d4 cxd4 4. Nxd4 Nf6 5. Nc3 e5 6. Nb3 Bb4 7. Bd2 Bxc3 8. Bxc3 Nxe4 9. Qd5 Nxc3 10. Qxe5+ Qe7 11. Qxe7+ Kxe7 12. bxc3 d6 13. O-O-O Be6 14. Bd3 Rc8 15. Rhe1 Rxc3 16. Nd4 Kf6 17. Nxe6 fxe6 18. Bxh7 d5 19. Bg8 Rc6 20. Rd3 Nd7 21. Rf3+ Ke7 22. Rf7+ Kd6 23. Rxg7 Ne5 24. Bh7 Rf8 25. Re2 b5 26. Kd1 Rf4 27. g3 Rb4 28. f4 Rb1+ 29. Kd2 Nc4+ 30. Kd3 Rd1+ 31. Kc3 d4+ 0-1

[Event "2nd Serbian League-Vojvodina 2023"]
[Site "Novi Sad"]
[Date "2023.11.06"]
[Round "6.18"]
[White "Strangar, Zlatko"]
[Black "Meseldzija, Jovan"]
[Result "1-0"]
[ECO "B07"]
[WhiteElo "2213"]
[BlackElo "1639"]
[Annotator "RC"]
[PlyCount "59"]
[EventDate "2023.10.22"]
[EventType "team-tourn"]
[EventCountry "SRB"]
[SourceTitle "playchess.com"]
[Source "ChessBase"]
[SourceQuality "1"]
[TimeControl "40/5400+30:1800+30"]

1. e4 d6 2. d4 Nf6 3. Nc3 g6 4. Bc4 Bg7 5. Nge2 Nbd7 6. f3 O-O 7. Be3 c6 8. Qd2 Qc7 9. Bh6 a5 10. Bxg7 Kxg7 11. Ng3 b5 12. Bd3 b4 13. Nce2 c5 14. c3 c4 15. Bc2 Qb6 16. h4 h5 17. Qg5 Rh8 18. Nf5+ Kf8 19. Ne3 Ba6 20. O-O b3 21. Bd1 e5 22. Rf2 Bb5 23. Nd5 Nxd5 24. exd5 a4 25. f4 Qd8 26. Qg3 exf4 27. Nxf4 Nf6 28. Nxg6+ fxg6 29. Qxg6 Ra7 30. Rxf6+ 1-0

[Event "2nd Serbian League-Vojvodina 2023"]
[Site "Novi Sad"]
[Date "2023.11.06"]
[Round "6.19"]
[White "Samani, Yamac"]
[Black "Georgiev, Krum"]
[Result "1-0"]
[ECO "E81"]
[WhiteElo "2349"]
[BlackElo "2294"]
[Annotator "RC"]
[PlyCount "49"]
[EventDate "2023.10.22"]
[EventType "team-tourn"]
[EventCountry "SRB"]
[SourceTitle "playchess.com"]
[Source "ChessBase"]
[SourceQuality "1"]
[TimeControl "40/5400+30:1800+30"]

1. d4 Nf6 2. c4 g6 3. Nc3 Bg7 4. e4 d6 5. f3 O-O 6. Be3 a6 7. Qd2 c6 8. h4 h5 9. O-O-O b5 10. g4 hxg4 11. h5 Nxh5 12. Bh6 f6 13. fxg4 Bxg4 14. Be2 Qd7 15. Nf3 Ng3 16. Bxg7 Nxe2+ 17. Nxe2 Kxg7 18. Qh6+ Kf7 19. Ng5+ Ke8 20. Qg7 fxg5 21. Rh8 Kd8 22. Qxf8+ Kc7 23. Rd2 Qe6 24. Qd8+ Kb7 25. c5 1-0

[Event "2nd Serbian League-Vojvodina 2023"]
[Site "Novi Sad"]
[Date "2023.11.06"]
[Round "6.21"]
[White "Pajcin, Lav"]
[Black "Mijatovic, Dusan"]
[Result "1/2-1/2"]
[ECO "B97"]
[WhiteElo "2109"]
[BlackElo "2139"]
[Annotator "RC"]
[PlyCount "63"]
[EventDate "2023.10.22"]
[EventType "team-tourn"]
[EventCountry "SRB"]
[SourceTitle "playchess.com"]
[Source "ChessBase"]
[SourceQuality "1"]
[TimeControl "40/5400+30:1800+30"]

1. e4 c5 2. Nf3 d6 3. d4 cxd4 4. Nxd4 Nf6 5. Nc3 a6 6. Bg5 e6 7. f4 h6 8. Bh4 Qb6 9. Qd2 Qxb2 10. Rb1 Qa3 11. e5 dxe5 12. fxe5 g5 13. Bg3 Nh5 14. Ne4 Qxa2 15. Rb3 Nd7 16. Be2 Qa1+ 17. Bd1 Nc5 18. Nxc5 Nxg3 19. hxg3 Bxc5 20. c3 Bd7 21. Rxb7 O-O-O 22. O-O Bb5 23. Rfxf7 Bxd4+ 24. cxd4 Qxd4+ 25. Kh2 Qg1+ 26. Kxg1 Rxd2 27. Ra7 Rxd1+ 28. Kh2 Kb8 29. Rfb7+ Kc8 30. Rf7 Kb8 31. Rfb7+ Kc8 32. Rf7 1/2-1/2

[Event "2nd Serbian League-Vojvodina 2023"]
[Site "Novi Sad"]
[Date "2023.11.06"]
[Round "6.22"]
[White "Mijatovic, Dejan"]
[Black "Gagic, Milan A"]
[Result "0-1"]
[ECO "B13"]
[WhiteElo "2185"]
[BlackElo "2164"]
[Annotator "RC"]
[PlyCount "80"]
[EventDate "2023.10.22"]
[EventType "team-tourn"]
[EventCountry "SRB"]
[SourceTitle "playchess.com"]
[Source "ChessBase"]
[SourceQuality "1"]
[TimeControl "40/5400+30:1800+30"]

1. d4 Nf6 2. Nf3 c5 3. e3 cxd4 4. exd4 d5 5. Bd3 Bg4 6. O-O Nc6 7. c3 e6 8. Nbd2 Bd6 9. Re1 Qc7 10. h3 Bh5 11. b3 O-O 12. Bb2 Rac8 13. Rc1 Bf4 14. g4 Bg6 15. Bxg6 hxg6 16. c4 Rfd8 17. c5 Ne4 18. Bc3 Nxc3 19. Rxc3 Qa5 20. b4 Nxb4 21. Nb3 Qxa2 22. Qa1 b6 23. Kg2 Rc6 24. Rb1 Rdc8 25. Ne1 bxc5 26. Qxa2 Nxa2 27. Rxc5 Rxc5 28. Nxc5 Bd6 29. Ned3 Bxc5 30. dxc5 a5 31. Rb7 Nb4 32. Ne5 d4 33. h4 Nc6 34. Nxf7 a4 35. Nd6 Ra8 36. Rb1 a3 37. Nc4 a2 38. Ra1 Nb4 39. Nb6 Ra6 40. Kf3 Nc2 0-1

[Event "2nd Serbian League-Vojvodina 2023"]
[Site "Novi Sad"]
[Date "2023.11.06"]
[Round "6.23"]
[White "Pavkov, Nebojsa"]
[Black "Rosic, Slavko S"]
[Result "1/2-1/2"]
[ECO "A04"]
[WhiteElo "2199"]
[BlackElo "2212"]
[Annotator "RC"]
[PlyCount "150"]
[EventDate "2023.10.22"]
[EventType "team-tourn"]
[EventCountry "SRB"]
[SourceTitle "playchess.com"]
[Source "ChessBase"]
[SourceQuality "1"]
[TimeControl "40/5400+30:1800+30"]

1. Nf3 Nf6 2. g3 b6 3. d3 d5 4. Bg2 Bb7 5. O-O c5 6. Nbd2 Nbd7 7. Re1 Qc7 8. e4 dxe4 9. dxe4 e5 10. Nh4 g6 11. Nc4 b5 12. Ne3 Bg7 13. c4 a6 14. g4 h6 15. Nd5 Nxd5 16. cxd5 c4 17. Be3 Bf8 18. Bf1 Be7 19. Ng2 Nf6 20. f3 Nd7 21. a4 h5 22. gxh5 Rxh5 23. axb5 axb5 24. Rxa8+ Bxa8 25. Qa1 Bb7 26. b3 Rh3 27. bxc4 bxc4 28. Rc1 Rxf3 29. Rxc4 Qd6 30. Be2 Rxe3 31. Nxe3 Qb6 32. Qc3 Bg5 33. Kf2 Kf8 34. Qb4+ Qxb4 35. Rxb4 Nc5 36. Bb5 Be7 37. Rc4 Bd6 38. Kf3 f5 39. exf5 gxf5 40. Bc6 e4+ 41. Kg2 Bc8 42. Rc2 f4 43. Nc4 f3+ 44. Kh1 Ke7 45. Nd2 Bh3 46. Kg1 Bf4 47. Nxe4 Be3+ 48. Nf2 Kd6 49. Rc3 Bxf2+ 50. Kxf2 Ne4+ 51. Kxf3 Nxc3 52. Kg3 Bf5 53. Kf4 Bh3 54. Kg3 Bf1 55. h4 Ke5 56. Kg4 Be2+ 57. Kg5 Ne4+ 58. Kg6 Nf6 59. Kg5 Nh5 60. Be8 Nf6 61. Bf7 Ne4+ 62. Kg6 Bd3 63. h5 Nd6+ 64. Kg7 Nf5+ 65. Kg6 Nh4+ 66. Kg7 Nf5+ 67. Kg6 Ng3+ 68. Kg7 Kd6 69. h6 Nf5+ 70. Kg6 Ke7 71. Be6 Nxh6+ 72. Kxh6 Kd6 73. Kg5 Be4 74. Kf6 Bxd5 75. Bxd5 Kxd5 1/2-1/2

[Event "2nd Serbian League-Vojvodina 2023"]
[Site "Novi Sad"]
[Date "2023.11.06"]
[Round "6.24"]
[White "Skoko, Milan"]
[Black "Cica, Dragan"]
[Result "0-1"]
[ECO "B22"]
[WhiteElo "2108"]
[BlackElo "2125"]
[Annotator "RC"]
[PlyCount "36"]
[EventDate "2023.10.22"]
[EventType "team-tourn"]
[EventCountry "SRB"]
[SourceTitle "playchess.com"]
[Source "ChessBase"]
[SourceQuality "1"]
[TimeControl "40/5400+30:1800+30"]

1. e4 c5 2. c3 Nf6 3. e5 Nd5 4. d4 cxd4 5. Nf3 Nc6 6. cxd4 d6 7. Bc4 Nb6 8. Bb3 dxe5 9. d5 Na5 10. Nc3 g6 11. Nxe5 Bg7 12. Ba4+ Nd7 13. Nxd7 Bxd7 14. Qg4 b5 15. Bxb5 Bxc3+ 16. bxc3 Bxb5 17. Qd4 f6 18. a4 Bc4 0-1

[Event "2nd Serbian League-Vojvodina 2023"]
[Site "Novi Sad"]
[Date "2023.11.06"]
[Round "7.1"]
[White "Georgiev, Krum"]
[Black "Skvortsov, Andrei"]
[Result "1/2-1/2"]
[ECO "B01"]
[WhiteElo "2294"]
[BlackElo "2294"]
[Annotator "RC"]
[PlyCount "68"]
[EventDate "2023.10.22"]
[EventType "team-tourn"]
[EventCountry "SRB"]
[SourceTitle "playchess.com"]
[Source "ChessBase"]
[SourceQuality "1"]
[TimeControl "40/5400+30:1800+30"]

1. e4 d5 2. exd5 Qxd5 3. Nc3 Qe5+ 4. Nge2 Nf6 5. g3 Nc6 6. Bg2 Bf5 7. d4 Qa5 8. Bd2 O-O-O 9. Nd5 Qa6 10. Nxf6 exf6 11. c3 h5 12. O-O h4 13. Nf4 Bd6 14. Re1 hxg3 15. hxg3 g5 16. Nd5 Rh6 17. Qf3 Qd3 18. Qxd3 Bxd3 19. Rad1 Bc2 20. Rc1 Bf5 21. b4 Rdh8 22. b5 Nd8 23. c4 Bh3 24. c5 Bxg2 25. Kxg2 Rh2+ 26. Kf3 Bxg3 27. Kxg3 R8h3+ 28. Kg4 Rh4+ 29. Kg3 R4h3+ 30. Kg4 Rh4+ 31. Kf3 Rxd4 32. Ne7+ Kd7 33. Be3 g4+ 34. Ke2 Ra4 1/2-1/2

[Event "2nd Serbian League-Vojvodina 2023"]
[Site "Novi Sad"]
[Date "2023.11.06"]
[Round "7.2"]
[White "Levitan, Caleb Levi"]
[Black "Mijatovic, Dusan"]
[Result "1/2-1/2"]
[ECO "C17"]
[WhiteElo "2219"]
[BlackElo "2139"]
[Annotator "RC"]
[PlyCount "43"]
[EventDate "2023.10.22"]
[EventType "team-tourn"]
[EventCountry "SRB"]
[SourceTitle "playchess.com"]
[Source "ChessBase"]
[SourceQuality "1"]
[TimeControl "40/5400+30:1800+30"]

1. e4 e6 2. d4 d5 3. Nc3 Bb4 4. e5 c5 5. Bd2 Ne7 6. Nb5 Bxd2+ 7. Qxd2 O-O 8. f4 Bd7 9. Nd6 cxd4 10. Nf3 Nbc6 11. Bd3 f6 12. O-O fxe5 13. fxe5 Rxf3 14. Rxf3 Nxe5 15. Rh3 N7g6 16. Nxb7 Qc7 17. Na5 Nxd3 18. cxd3 e5 19. Rg3 Nf4 20. Nb3 a5 21. Re1 Bb5 22. Rf3 1/2-1/2